 Dungeon Crawl Stone Soup version 0.29.1-12-g30fa7ad0bf (webtiles) character file.

Game seed: 5826941033785486812

177 MrSixtyFour the Stinger (level 5, -2/35 HPs)
             Began as a Demonspawn Venom Mage on Dec 25, 2022.
             Slain by a water moccasin (8 damage)
             ... on level 3 of the Dungeon.
             The game lasted 00:18:27 (3960 turns).

MrSixtyFour the Stinger (Demonspawn Venom Mage)     Turns: 3960, Time: 00:18:27

Health: -2/35      AC:  3    Str:  4    XL:     5   Next: 31%
Magic:  2/9        EV: 11    Int: 18    God:
Gold:   126        SH:  5    Dex: 17    Spells: 9/10 levels left

rFire   + . .      SeeInvis .   l - +3 dagger
rCold   . . .      Faith    .   (no shield)
rNeg    . . .      Spirit   .   m - +0 leather armour
rPois   .          Reflect  +   (no helmet)
rElec   .          Harm     .   (no cloak)
rCorr   +          Rampage  .   (no gloves)
Will    .....                   (no boots)
Stlth   +++.......              t - amulet of Deummucw {Reflect rF+ Str-5 Dex+4 SH+5 Stlth+}
HPRegen 0.11/turn               s - ring of resist corrosion
MPRegen 0.11/turn               (no ring)

@: lethally poisoned (-2 -> -8)
A: ignite blood 2, weakness stinger 2
a: no special abilities


You were on level 3 of the Dungeon.
You visited 1 branch of the dungeon, and saw 3 of its levels.

You collected 126 gold pieces.

Inventory:

Hand Weapons
 e - a +0 short sword
 l - a +3 dagger (weapon)
Missiles
 q - 2 throwing nets
Armour
 a - a +0 robe
 m - a +0 leather armour (worn)
Jewellery
 s - a ring of resist corrosion (left hand)
 t - the amulet of Deummucw (around neck) {Reflect rF+ Str-5 Dex+4 SH+5 Stlth+}
   (You found it on level 3 of the Dungeon)

   [amulet of reflection]

   It reflects blocked missile attacks.
   Str:       It affects your strength (-5).
   Dex:       It affects your dexterity (+4).
   rF:        It protects you from fire.
   SH:        It affects your SH (+5).
   Stlth:     It makes you more stealthy.
Scrolls
 f - a scroll of teleportation {unknown}
 h - 2 scrolls of magic mapping {unknown}
 j - a scroll of enchant armour {unknown}
 k - 4 scrolls of identify {unknown}
 n - a scroll of immolation {unknown}
 o - a scroll of enchant weapon {unknown}
 p - a scroll of fear {unknown}
Potions
 b - a potion of magic
 d - 2 potions of brilliance {unknown}
 g - 2 potions of might {unknown}
 i - 3 potions of curing {unknown}
 r - a potion of resistance {unknown}


   Skills:
 - Level 1.7 Dodging
 - Level 1.7 Stealth
 + Level 3.1 Spellcasting
 * Level 2.3 Translocations
 - Level 1.4 Transmutations
 + Level 4.3 Poison Magic


You had 9 spell levels left.
You knew the following spells:

 Your Spells              Type           Power      Damage    Failure   Level
a - Sting                 Tmut/Pois      52%        1d5       9%          1

Your spell library contained the following spells:

 Spells                   Type           Power      Damage    Failure   Level
 Blink                    Tloc           22%        N/A       17%         2
 Poisonous Vapours        Pois/Air       20%        N/A       19%         2
 Gell's Gravitas          Tloc           11%        N/A       32%         3
 Lesser Beckoning         Tloc           11%        N/A       32%         3
 Teleport Other           Tloc           11%        N/A       32%         3
 Mephitic Cloud           Conj/Pois/Air  8%         N/A       43%         3
 Olgreb's Toxic Radiance  Pois           18%        N/A       43%         4
 Manifold Assault         Tloc           11%        N/A       97%         5


Dungeon Overview and Level Annotations

Branches:
Dungeon (3/15)

Altars:
Vehumet


Innate Abilities, Weirdness & Mutations

Your demonic aura often causes spilled blood to erupt in flames.
You have a tail ending in a sharp stinger.


Message History

You feel extremely sick.
Aiming: Sting (safe; 9% risk of failure)
Press: ? - help, Q - select action, (/) - cycle Shift-Dir - straight line, f/p - water moccasin
Aim: a water moccasin (heavily wounded, poisoned, 53% to hit)
The sting hits the water moccasin.
The water moccasin partially resists.
The water moccasin looks even sicker.
The water moccasin is heavily wounded.
* * * LOW HITPOINT WARNING * * *
You feel very sick.
The water moccasin bites you but does no damage.
The water moccasin barely misses you.
You feel much better.
You feel very sick. The water moccasin bites you.
Aiming: Sting (safe; 9% risk of failure)
Press: ? - help, Q - select action, (/) - cycle Shift-Dir - straight line, f/p - water moccasin
Aim: a water moccasin (severely wounded, very poisoned, 53% to hit)
The sting misses the water moccasin.
You feel very sick. The water moccasin bites you.
You feel very sick. The water moccasin closely misses you.
Aiming: Sting (safe; 9% risk of failure)
Press: ? - help, Q - select action, (/) - cycle Shift-Dir - straight line, f/p - water moccasin
Aim: a water moccasin (severely wounded, very poisoned, 53% to hit)
The sting misses the water moccasin.
You feel sick. The water moccasin bites you!
* * * LOW HITPOINT WARNING * * *
The goblin hits you but does no damage.
Aiming: Sting (safe; 9% risk of failure)
Press: ? - help, Q - select action, (/) - cycle Shift-Dir - straight line, f/p - water moccasin
Aim: a water moccasin (severely wounded, very poisoned, 53% to hit)
The sting hits the water moccasin.
The water moccasin partially resists.
The water moccasin looks even sicker.
The water moccasin is severely wounded.
* * * LOW HITPOINT WARNING * * *
You feel sick.
The water moccasin bites you but does no damage.
The water moccasin bites you!
You die...

....# #.###.........
....# #...#..........
..### #.......#.... #.#
######.......... #.#
###..............
#.####..............#
#.......#...##....###
#.##.).........#...##
#.........÷####.@...#
..............#gS#..#
.#.....÷..###.#..#..# .
..........# # #..#..# #.#
##...[....# #.#..##.....#
..........# #....###..###
##..####'####..#.........
###.+...)...+............
....#.♣...♣.####....###.#


You could see a water moccasin (very poisoned) and a goblin.

Vanquished Creatures
  An orc wizard (D:3)
  8 gnolls (D:2)
  2 adders
  5 dart slugs
  2 orcs (D:3)
  3 ball pythons
  A bat (D:2)
  2 endoplasms
  A giant cockroach (D:3)
  7 goblins
  2 hobgoblins
  5 jackals (D:1)
  3 quokkas
  A frilled lizard (D:1)
  3 kobolds (D:1)
  2 rats (D:1)
48 creatures vanquished.

Vanquished Creatures (others)
  19 plants (D:2)
19 creatures vanquished.

Grand Total: 67 creatures vanquished

Notes
Turn   | Place    | Note
-------+----------+-------------------------------------------
     0 | D:1      | MrSixtyFour the Demonspawn Venom Mage began the quest for
                  | the Orb.
     0 | D:1      | Reached XP level 1. HP: 13/13 MP: 3/3
   118 | D:1      | Reached skill level 1 in Transmutations
   646 | D:1      | Gained mutation: You have a small tail. [demonic ancestry]
   646 | D:1      | Reached XP level 2. HP: 8/19 MP: 0/5
  1299 | D:1      | Found a faded altar of an unknown god.
  1701 | D:1      | Gained mutation: You have a tail ending in a sharp stinger.
                  | [demonic ancestry]
  1701 | D:1      | Reached XP level 3. HP: 23/24 MP: 2/6
  2560 | D:2      | Reached skill level 4 in Poison Magic
  2783 | D:2      | Reached skill level 1 in Translocations
  2783 | D:2      | Gained mutation: Your demonic aura sometimes causes spilled
                  | blood to erupt in flames. [demonic ancestry]
  2783 | D:2      | Reached XP level 4. HP: 30/30 MP: 4/8
  3537 | D:3      | Identified the amulet of Deummucw {Reflect rF+ Str-5 Dex+4
                  | SH+5 Stlth+}
  3543 | D:3      | Gained mutation: Your demonic aura often causes spilled
                  | blood to erupt in flames. [demonic ancestry]
  3543 | D:3      | Reached XP level 5. HP: 33/35 MP: 6/9
  3682 | D:3      | Found a radiant altar of Vehumet.
  3937 | D:3      | Noticed a water moccasin
  3960 | D:3      | Slain by a water moccasin

Illustrated notes

Levels and vault maps discovered:
D:1:      saegor_arrival_simple_a, layout_basic, ebering_ecumenical_altar_hall
D:2:      layout_basic, small_statue_intersection, minmay_misc_feat_pillars,
          nicolae_grassy_gnolls
D:3:      layout_rooms, mainiacjoe_overflow_six_doors_small,
          ebering_ghost_sewer_d, serial_bayou_lagoon_b

Skill      XL: |  1  2  3  4 |
---------------+-------------+-----
Transmutations | 1 |  1.4
Poison Magic   | 4 |  4.3
Translocations | 1 2 |  2.3
Spellcasting   | 3 |  3.1
Dodging        | |  1.7
Stealth        | |  1.7

Action                   |  1- 3 |  4- 6 || total
-------------------------+-------+-------++-------
Melee: Short sword       |    30 |       ||    30
       Unarmed           |     1 |       ||     1
       Punch             |     1 |       ||     1
       Tailslap          |     2 |     6 ||     8
       Dagger            |    10 |    40 ||    50
 Cast: Sting             |    48 |    28 ||    76
  Use: Potion            |     1 |     3 ||     4
 Stab: Sleeping          |     1 |     1 ||     2
Armor: Robe              |     6 |       ||     6
       Leather armour    |     5 |    12 ||    17
Dodge: Dodged            |    53 |    22 ||    75
Block: Other             |       |     3 ||     3
